 Dungeon Crawl Stone Soup version 0.29.1-15-g9cfb28693d (webtiles) character file.

Game seed: 370695037053169859

288 Calibrex the Ruffian (level 6, -4/61 HPs)
             Began as a Troll Fighter on Mar 25, 2023.
             Was an Initiate of Wu Jian.
             Slain by a yak (16 damage)
             ... on level 5 of the Dungeon.
             The game lasted 00:08:03 (3068 turns).

Calibrex the Ruffian (Troll Fighter)                Turns: 3068, Time: 00:08:04

Health: -4/61      AC:  4    Str: 25    XL:     6   Next: 9%
Magic:  5/5        EV:  8    Int:  6    God:    Wu Jian [......]
Gold:   63         SH:  8    Dex:  9    Spells: 5/5 levels left

rFire   . . .      SeeInvis .     - Unarmed
rCold   . . .      Faith    .   b - +1 kite shield
rNeg    . . .      Spirit   .   a - +0 robe
rPois   .          Reflect  .   (helmet restricted)
rElec   .          Harm     .   (no cloak)
rCorr   .          Rampage  .   (gloves unavailable)
Will    .....                   (boots unavailable)
Stlth   +.........              (no amulet)
HPRegen 1.00/turn               (no ring)
MPRegen 0.09/turn               (no ring)

@: mighty, lethally poisoned (-4 -> -11), about to teleport, hasted, very quick
A: large, unfitting armour, claws 3, regeneration 1, shaggy fur 1, tough skin 1
a: Renounce Religion


You were on level 5 of the Dungeon.
You worshipped Wu Jian.
Wu Jian was noncommittal.
You visited 2 branches of the dungeon, and saw 6 of its levels.

You collected 203 gold pieces.
You spent 140 gold pieces at shops.

Inventory:

Missiles
 o - a boomerang
 p - 3 poisoned darts (quivered)
Armour
 a - a +0 robe (worn)
 b - a +1 kite shield (worn)
Jewellery
 f - a +6 ring of dexterity
Scrolls
 d - a scroll of fear
 g - a scroll of enchant armour
 j - a scroll of identify
Potions
 i - a potion of brilliance {unknown}
 l - a potion of attraction {unknown}
 m - a potion of curing
 n - 2 potions of haste
 q - 2 potions of heal wounds


   Skills:
 + Level 3.4 Fighting
 - Level 2.4 Dodging
 + Level 3.8 Shields
 * Level 4.8 Unarmed Combat


You had 5 spell levels left.
You didn't know any spells.
Your spell library was empty.

Dungeon Overview and Level Annotations

Branches:
Dungeon (5/15)             Temple (1/1) D:4

Altars:
Ashenzari
Cheibriados
Dithmenos
Hepliaklqana
Kikubaaqudgha
Makhleb
Okawaru
Qazlal
Trog
Uskayaw
Wu Jian
Xom
Yredelemnul
The Shining One

Shops:
D:4 !

Portals:
Sewer: D:5


Innate Abilities, Weirdness & Mutations

You are too large for most types of armour.
You have claws for hands.
Your natural rate of healing is unusually fast.
You are covered in fur. (AC +1)
You have tough skin. (AC +1)


Message History

You feel sick. The scorpion stings you.
* * * LOW HITPOINT WARNING * * *
You are more poisoned.
The scorpion poisons you!
You feel better. The bat barely misses you. The scorpion stings you.
You are poisoned.
The scorpion poisons you!
You feel yourself speed up.
You feel very sick. The bat hits you but does no damage.
The scorpion stings you.
* * * LOW HITPOINT WARNING * * *
You feel much better.
You feel sick. The bat hits you but does no damage.
The scorpion stings you but does no damage.
You feel very mighty all of a sudden.
You feel sick. The bat hits you but does no damage.
You claw the yak!
The yak is moderately wounded.
You feel sick. You block the bat's attack. The scorpion stings you.
You are more poisoned.
The scorpion poisons you! The yak gores you.
You barely miss the yak.
The yak is moderately wounded.
You feel sick. You block the bat's attack. The bat barely misses you.
The scorpion misses you. The yak gores you!
* * * LOW HITPOINT WARNING * * *
You claw the yak!
The yak is severely wounded.
You feel sick. The bat completely misses you. You block the scorpion's attack.
The bat closely misses you.
You mangle the yak!!
The yak is heavily wounded.
You feel sick. The scorpion stings you.
* * * LOW HITPOINT WARNING * * *
You are more poisoned.
The scorpion poisons you!
As you read the scroll of teleportation, it crumbles to dust.
You feel strangely unstable.
You feel very sick. The bat barely misses you. The yak gores you!
You die...

,,,,,,*****#.###..#.#+...+#.#,*,*
,,,,,,*** #.......#.#...#,#.#,*,
,,,,,,,,*#######..#.#.....#,#.*,*
**,,,,~,,..........#.#.....#+*,*,
*,,,,,**~~~~~##..#.#+....#.,,*,*
*,,,,,**~~~~~##...#.#,...,,,,,*,
*,,,,,~~.....~YY##......#,,,,***
*,,,,,~~.....~Ys#*......*,,,,***
*,,,,,,,..∩..YY@#,,.....*,,,,+,,
*,,,,,~~.....~~.#,,,.#..*,,,,*,,
*,,,,,~~^...~~~b+,,,.#*.,,*,,,*,
*****,**≈~.~~##.#,,,,***,,**,,,,
*,**~~.~≈*#.#,,,,* *,,,*,,**
*,,,.....,..+,,,,* **,,,,,,,
****##..,,#.#,,,,* *,,,>,,*
##*,,...,,,** ******,, ****,*****
*,*


You could see 5 yaks, a scorpion and a bat.

Vanquished Creatures
  A black bear (D:4)
  A crimson imp (D:5)
  A hound (D:4)
  A gnoll (D:1)
  2 adders (D:3)
  A shadow imp (D:5)
  2 worms
  A dart slug (D:1)
  9 orcs
  8 ball pythons
  6 bats
  4 endoplasms
  2 giant cockroaches
  11 goblins
  7 hobgoblins
  5 jackals
  5 kobolds
  3 quokkas
  4 frilled lizards
  5 rats
79 creatures vanquished.

Notes
Turn   | Place    | Note
-------+----------+-------------------------------------------
     0 | D:1      | Calibrex the Troll Fighter began the quest for the Orb.
     0 | D:1      | Reached XP level 1. HP: 22/22 MP: 0/0
     6 | D:1      | Noticed a komodo dragon
     6 | D:1      | Noticed a black bear
     7 | D:1      | Noticed a seven-headed hydra
     7 | D:1      | Noticed an anaconda
    12 | D:1      | You fall into a shaft and drop 1 floor!
   182 | D:2      | Reached XP level 2. HP: 29/29 MP: 1/1
   747 | D:1      | Reached XP level 3. HP: 36/36 MP: 2/2
   751 | D:1      | Reached skill level 3 in Unarmed Combat
   767 | D:1      | Found a faded altar of an unknown god.
  1298 | D:3      | Reached XP level 4. HP: 44/44 MP: 3/3
  1721 | D:3      | Identified the +3 leather armour "Xemipp" {rN+ Str-2 Int+5
                  | Dex+3}
  2219 | D:4      | Reached skill level 4 in Unarmed Combat
  2219 | D:4      | Reached XP level 5. HP: 52/53 MP: 4/4
  2284 | D:4      | Found Vonaeg's Distillery.
  2297 | D:4      | Bought a potion of degeneration for 10 gold pieces
  2348 | D:4      | Noticed a black bear
  2363 | D:4      | Killed a black bear
  2538 | D:4      | Found a staircase to the Ecumenical Temple.
  2542 | Temple   | Entered the Ecumenical Temple
  2861 | Temple   | Became a worshipper of the Wu Jian Council
  2952 | D:4      | Bought a potion of curing for 30 gold pieces
  2952 | D:4      | Bought a potion of haste for 100 gold pieces
  2985 | D:5      | Entered Level 5 of the Dungeon
  3018 | D:5      | Found a burning altar of Makhleb.
  3022 | D:5      | Reached XP level 6. HP: 61/61 MP: 5/5
  3040 | D:5      | Noticed a yak
  3041 | D:5      | Noticed a yak
  3041 | D:5      | Noticed a yak
  3042 | D:5      | Noticed a yak
  3042 | D:5      | Noticed a yak
  3056 | D:5      | Found a glowing drain.
  3068 | D:5      | Slain by a yak

Illustrated notes

Levels and vault maps discovered:
D:1:      onia_arrival_zoo_common, layout_rooms,
          dreamdust_ecumenical_altar_statues, minmay_stone_trees_medium,
          minmay_misc_feat_square, dk_noncrumbling_2
D:2:      layout_loops_ring
D:3:      layout_basic
D:4:      layout_rooms, temple_hall_moat, serial_shops, shop, abandoned_shop,
          feat_on_display
D:5:      layout_basic, makhleb_grotto_becter, kennysheep_mini_moat,
          cheibrodos_sewer_entry_sluice, uniq_crazy_yiuf_cottage
Temple:   compressed_dpeg_triangle_lava_temple

Skill      XL: |  1  2  3  4 |
---------------+-------------+-----
Shields        | 3 |  3.8
Unarmed Combat | 3 4 |  4.8
Fighting       | 3 |  3.4
Dodging        | |  2.4

Action                   |  1- 3 |  4- 6 || total
-------------------------+-------+-------++-------
Melee: Unarmed           |   116 |    86 ||   202
Throw: Dart              |       |     3 ||     3
  Use: Scroll            |       |     7 ||     7
       Potion            |       |     4 ||     4
Armor: Robe              |    34 |    27 ||    61
Dodge: Dodged            |    47 |    26 ||    73
Block: Kite shield       |    49 |    32 ||    81
